 Dungeon Crawl Stone Soup version 0.31-a0-182-gc5ef74bbde (webtiles) character file.

Game seed: 16681880282142795850

56620 qw the Blocker (level 14, -2/88 HPs)
             Began as a Gargoyle Fighter on June 21, 2023.
             Was an Elder of Okawaru.
             Killed by divine providence
             ... invoked by a smoke demon
              (14 damage)
             ... on level 1 of the Abyss.
             The game lasted 00:09:56 (19856 turns).

qw the Blocker (Gargoyle Fighter)                  Turns: 19856, Time: 00:09:57

Health: -2/88      AC: 45    Str: 25    XL:     14   Next: 82%
Magic:  21/21      EV: 15    Int: 11    God:    Okawaru [****..]
Gold:   797        SH: 19    Dex:  9    Spells: 13/13 levels left

rFire   . . .        g - +0 broad axe (freeze)
rCold   + . .        h - +0 tower shield
rNeg    + + .        y - +7 chain mail "Vaogun" {rN+ Will+}
rPois   inf          v - +1 helmet
rElec   +            G - +3 cloak of the Spheres {rElec Int+2}
rCorr   .            m - +2 pair of gloves
SInv    .            D - +2 pair of boots {rampage}
Will    ++...        k - amulet of faith Stlth
                     b - +5 ring of evasion
HPRegen 0.34/turn    B - ring of protection from cold
MPRegen 0.17/turn

%: rampage, faith
@: about to teleport, heroic, flying
A: sickness immunity, AC +10, big wings, negative energy resistance 1,
electricity resistance, torment resistance 1, petrification resistance
a: Renounce Religion, Heroism, Finesse


You were on level 1 of the Abyss.
You worshipped Okawaru.
Okawaru was greatly pleased with you.
You visited 3 branches of the dungeon, and saw 17 of its levels.
You visited the Abyss 1 time.
You also visited: Sewer.

You collected 1026 gold pieces.
You spent 229 gold pieces at shops.


Innate Abilities, Weirdness & Mutations

You are immune to sickness and miasma.
Your stone body is resilient. (AC +10)
You are immune to poison.
Your large and strong wings let you fly.
You resist negative energy. (rN+)
You are resistant to electric shocks. (rElec)
You are resistant to unholy torment.
You are immune to petrification.


   Skills:
 - Level 10.6(15.6) Fighting
 - Level 14.0(19.0) Axes
 - Level 4.1(9.1) Throwing
 - Level 10.0(15.0) Armour
 - Level 3.1(8.1) Dodging
 + Level 14.4(19.4) Shields
 - Level 10.0 Invocations


You had 13 spell levels left.
You didn't know any spells.
Your spell library was empty.

Inventory:

Hand Weapons
 c - a +1 morningstar of protection
 g - a +0 broad axe of freezing (weapon)
 E - a +0 eveningstar of draining
Missiles
 o - 4 boomerangs (quivered)
Armour
 h - a +0 tower shield (worn)
 l - +0 fire dragon scales
 m - a +2 pair of gloves (worn)
 q - a +1 chain mail of poison resistance
 v - a +1 helmet (worn)
 y - the +7 chain mail "Vaogun" (worn) {rN+ Will+}
   (You found it on level 5 of the Lair of Beasts)

   rN:        It protects you from negative energy.
   Will:      It increases your willpower.
 D - a +2 pair of boots of rampaging (worn)
 G - the +3 cloak of the Spheres (worn) {rElec Int+2}
   (You found it on level 5 of the Lair of Beasts)

   Int:       It affects your intelligence (+2).
   rElec:     It insulates you from electricity.
Jewellery
 b - a +5 ring of evasion (left hand)
 f - an amulet of the acrobat
 k - an amulet of faith (around neck)
 w - a ring of fire
 B - a ring of protection from cold (right hand)
 Y - a +6 ring of dexterity
Wands
 p - a wand of digging (7)
Scrolls
 a - 11 scrolls of identify
 r - a scroll of teleportation
Potions
 d - a potion of might
 e - 7 potions of curing
 i - 5 potions of enlightenment
 j - 5 potions of attraction
 n - 8 potions of mutation
 s - a potion of haste
 u - 5 potions of heal wounds
 z - 4 potions of lignification
 C - a potion of magic

Dungeon Overview and Level Annotations

Branches:
Dungeon (11/15)            Temple (1/1) D:6            Lair (5/5) D:10
 Shoals (0/4) Lair:2        Snake (0/4) Lair:3        Slime (0/5) Lair:5
    Orc (0/2) D:10          Sewer (visited)

Altars:
Ashenzari
Cheibriados
Dithmenos
Elyvilon
Fedhas
Gozag
Hepliaklqana
Kikubaaqudgha
Makhleb
Nemelex Xobeh
Okawaru
Qazlal
Ru
Sif Muna
Trog
Uskayaw
Vehumet
Wu Jian
Xom
Yredelemnul
Zin
The Shining One

Shops:
D:5 ?   D:7 [

Annotations:
D:5 1 runed translucent door, qw's ghost, novice GrFi
D:10 2 transporters, qw's ghost, journeyman GrFi
D:11 Psyche
Lair:3 2 transporters, qw's ghost, journeyman GrFi


Message History

The green death is severely wounded.
You hit the bone dragon but do no damage.
The green death gestures at you. The blast of poison misses you.
The smoke demon gestures at you. Something smites you!
You block the bone dragon's attack. The bone dragon misses you.
You block the bone dragon's attack.
You hit the green death. You freeze the green death.
The green death is severely wounded.
You slash the bone dragon! You freeze the bone dragon.
The green death gestures at you. The blast of poison misses you.
You block the bone dragon's attack. x2
The bone dragon closely misses you.
You hit the green death but do no damage.
The green death is severely wounded.
You hit the bone dragon. You hit the green death. You freeze the green death.
The green death is severely wounded.
You slash the bone dragon! You freeze the bone dragon.
You block the green death's attack. You block the bone dragon's attack.
The bone dragon claws you but does no damage.
The bone dragon tramples you but does no damage.
You barely miss the green death.
The green death is severely wounded.
You completely miss the bone dragon. The bone dragon bites you!
You block the bone dragon's attack. x2
The green death hits you but does no damage.
19856 ||| READING 2 scrolls of teleportation.
As you read the scroll of teleportation, it crumbles to dust.
You feel strangely unstable.
You feel the power of the Abyss delaying your translocation!
The green death gestures at you.
The bolt of poison hits you but does no damage.
You resist.
The bone dragon bites you but does no damage.
The bone dragon claws you but does no damage.
The bone dragon tramples you but does no damage.
The smoke demon gestures at you. Something smites you!
You die...

.. . ..
#.#.#. . #
....### .#
#. 2
....#.# .
....ยค #
#...# #.#
####..#
#..#.2...#
#0@#.# #
#.#D#. .#
#. #3##
.#. #.#
..# # ..#
..# ... .
# .#. ..##
. ##


You could see a bone dragon, a green death and a smoke demon.

Vanquished Creatures
  Kirke (Lair:3)
  4 dire elephants (Lair:5)
  Josephine (D:11)
  3 hydras
  2 catoblepae (Lair:5)
  2 boulder beetles
  3 death yaks (Lair:5)
  A two-headed ogre (D:10)
  4 skysharks
  A spectral death yak (Lair:5)
  A spectral anaconda (Lair:5)
  An obsidian statue (Lair:5)
  3 necromancers (Lair:5)
  A wolf spider (Lair:3)
  Joseph (Lair:1)
  6 black mambas
  A dire elephant zombie (Lair:5)
  16 elephants
  A water nymph (Lair:2)
  Maurice (D:8)
  10 cane toads
  A kobold demonologist (D:10)
  10 komodo dragons
  6 rime drakes
  A harpy zombie (Abyss:1)
  2 tyrant leeches (Lair:4)
  4 polar bears
  2 hornets
  Grinder (D:6)
  8 blink frogs
  7 dream sheep (Lair:5)
  3 raiju (Abyss:1)
  3 spectral elephants (Lair:5)
  A shadow (D:11)
  37 yaks
  5 wraiths
  2 wyverns (Lair:2)
  3 hogs (Lair:3)
  A human (Lair:3)
  A basilisk (shapeshifter) (Abyss:1)
  4 basilisks
  3 death yak simulacra (Lair:5)
  A spectral cane toad (Lair:5)
  3 swamp worms (Lair:4)
  4 nagas (Lair:3)
  3 acid dragons
  19 water moccasins
  2 elephant zombies (Lair:5)
  4 orc warriors
  3 ice beasts
  6 black bears
  2 ogres
  20 wolves
  A phantom (D:7)
  7 centaurs
  2 kobold brigands (D:11)
  16 bullfrogs
  6 scorpions
  A gnoll sergeant (D:11)
  2 cane toad simulacra (Lair:5)
  5 wights
  An elephant simulacrum (Lair:5)
  6 killer bees (D:9)
  4 howler monkeys
  4 hounds
  3 jellies
  7 orc priests
  An iron imp (Abyss:1)
  A sleepcap (D:5)
  2 iguanas
  13 hell rats
  6 orc wizards
  3 gnolls (D:11)
  13 adders
  6 river rats (Sewer)
  A shadow imp (D:8)
  A white imp (D:6)
  An ufetubus (D:4)
  3 worms
  5 dart slugs
  32 orcs
  12 ball pythons
  8 endoplasms
  9 giant cockroaches
  7 goblins
  4 hobgoblins
  3 jackals
  20 kobolds
  8 quokkas
  14 bats
  8 frilled lizards
  7 rats
  A lurking horror (Abyss:1)
490 creatures vanquished.

Vanquished Creatures (others)
  An orc wizard (D:11)
  An orc (D:11)
2 creatures vanquished.

Grand Total: 492 creatures vanquished

Notes
Turn   | Place    | Note
-------+----------+-------------------------------------------
     0 | D:1      | qw the Gargoyle Fighter began the quest for the Orb.
     0 | D:1      | Reached XP level 1. HP: 14/14 MP: 1/1
     0 | D:1      | 0 ||| qw: Version: 0.3-a-9-g12657ce
     0 | D:1      | 0 ||| qw: Game counter: 1543
     0 | D:1      | 0 ||| qw: Always use a shield: true
     0 | D:1      | 0 ||| qw: God list: Okawaru
     0 | D:1      | 0 ||| qw: Allow faded altars: false
     0 | D:1      | 0 ||| qw: Do Orc after D:15 true
     0 | D:1      | 0 ||| qw: Do second Lair branch before Depths: true
     0 | D:1      | 0 ||| qw: Lair rune preference: random
     0 | D:1      | 0 ||| qw: Plans: Normal, Zot:1-4, Slime:5, God:TSO, Crypt,
                  | Tomb, Abyss, Pan, Hells, Win
     0 | D:1      | 0 ||| PLANNING D:1-11
    76 | D:1      | 76 ||| Stepping ~*~*~tactically~*~*~ (hiding).
    84 | D:1      | Reached XP level 2. HP: 15/19 MP: 2/2
   296 | D:1      | 296 ||| Stepping ~*~*~tactically~*~*~ (hiding).
   563 | D:1      | Reached skill level 3 in Axes
   667 | D:1      | Reached XP level 3. HP: 23/23 MP: 3/3
   784 | D:1      | 784 ||| UPGRADING to +2 pair of gloves.
   789 | D:1      | 789 ||| READING scroll labelled UKHEMA LOAPLE.
   790 | D:1      | 790 ||| READING scroll labelled ZUUPHALEAGG.
   791 | D:1      | 791 ||| READING scroll labelled LOMYSI ZUURIFF.
   792 | D:1      | 792 ||| READING scroll labelled DUIKKIO OTET.
   793 | D:1      | 793 ||| DRINKING 2 pink potions.
   896 | D:2      | 896 ||| Stepping ~*~*~tactically~*~*~ (stealth).
   897 | D:2      | 897 ||| Stepping ~*~*~tactically~*~*~ (stealth).
  1626 | D:2      | 1626 ||| UPGRADING to amulet of faith.
  1631 | D:2      | 1631 ||| DROPPING amulet of magic regeneration.
  1632 | D:2      | 1632 ||| DROPPING ring of wizardry.
  1633 | D:2      | 1633 ||| READING scroll labelled DIALOME YVUYKLE.
  1634 | D:2      | 1634 ||| READING 2 scrolls labelled NOKIEKIALE.
  1635 | D:2      | 1635 ||| READING scroll labelled WIPUATY KOAH.
  1736 | D:2      | 1736 ||| READING 3 scrolls of identify.
  1736 | D:2      | 1736 ||| IDENTIFYING brown potion
  1737 | D:2      | 1737 ||| READING 2 scrolls of identify.
  1737 | D:2      | 1737 ||| IDENTIFYING fizzy brown potion
  1738 | D:2      | 1738 ||| DROPPING scroll of amnesia.
  1788 | D:3      | Reached XP level 4. HP: 28/28 MP: 4/4
  1913 | D:3      | Reached XP level 5. HP: 15/32 MP: 5/5
  1921 | D:3      | 1921 ||| FLEEEEING.
  1922 | D:3      | 1922 ||| FLEEEEING.
  1930 | D:3      | 1930 ||| DRINKING potion of curing.
  1930 | D:3      | 1930 ||| (to cure confusion)
  1931 | D:3      | 1931 ||| FLEEEEING.
  1932 | D:3      | 1932 ||| FLEEEEING.
  1933 | D:3      | 1933 ||| FLEEEEING.
  1940 | D:3      | 1940 ||| FLEEEEING.
  1941 | D:3      | 1941 ||| FLEEEEING.
  1942 | D:3      | 1942 ||| FLEEEEING.
  1943 | D:3      | 1943 ||| FLEEEEING.
  1946 | D:3      | 1946 ||| FLEEEEING.
  1947 | D:3      | 1947 ||| FLEEEEING.
  1949 | D:3      | 1949 ||| FLEEEEING.
  1950 | D:3      | 1950 ||| FLEEEEING.
  1951 | D:3      | 1951 ||| FLEEEEING.
  1952 | D:3      | 1952 ||| STAIRDANCE
  2064 | D:3      | 2064 ||| Stepping ~*~*~tactically~*~*~ (stealth).
  2065 | D:3      | 2065 ||| Stepping ~*~*~tactically~*~*~ (stealth).
  2231 | D:3      | 2231 ||| DROPPING +0 club.
  2240 | D:3      | 2240 ||| DROPPING +0 whip.
  2613 | D:3      | 2613 ||| UPGRADING to +0 chain mail.
  2623 | D:3      | 2623 ||| DROPPING +0 scale mail.
  2624 | D:3      | 2624 ||| READING scroll labelled LAMNES ASTRAPP.
  2625 | D:3      | 2625 ||| READING scroll labelled KIOX JU ROWI.
  2626 | D:3      | 2626 ||| READING scroll labelled XORUFR ROIQU.
  2752 | D:4      | Reached XP level 6. HP: 38/38 MP: 6/6
  2828 | D:4      | 2828 ||| Stepping ~*~*~tactically~*~*~ (stealth).
  2829 | D:4      | 2829 ||| Stepping ~*~*~tactically~*~*~ (stealth).
  3163 | D:4      | 3163 ||| Stepping ~*~*~tactically~*~*~ (hiding).
  3261 | D:4      | 3261 ||| Stepping ~*~*~tactically~*~*~ (hiding).
  3292 | D:4      | 3292 ||| Stepping ~*~*~tactically~*~*~ (stealth).
  3293 | D:4      | 3293 ||| Stepping ~*~*~tactically~*~*~ (stealth).
  3299 | D:4      | Reached skill level 1 in Throwing
  3340 | D:4      | Reached skill level 6 in Axes
  3535 | D:4      | Reached skill level 1 in Dodging
  3535 | D:4      | Reached XP level 7. HP: 43/43 MP: 7/7
  3542 | D:4      | 3542 ||| Stepping ~*~*~tactically~*~*~ (hiding).
  4124 | D:4      | 4124 ||| READING scroll labelled WYUHUNGEOFO.
  4128 | D:4      | 4128 ||| READING 2 scrolls of identify.
  4128 | D:4      | 4128 ||| IDENTIFYING amethyst potion
  4129 | D:4      | 4129 ||| DROPPING potion of degeneration.
  4156 | D:5      | Entered Level 5 of the Dungeon
  4157 | D:5      | 4157 ||| PLANNING SEWER
  4166 | D:5      | Found a runed translucent door.
  4170 | D:5      | Noticed qw's ghost (novice GrFi)
  4240 | D:5      | 4240 ||| UPGRADING to +5 ring of evasion.
  4253 | D:5      | 4253 ||| Stepping ~*~*~tactically~*~*~ (stealth).
  4680 | D:5      | Reached XP level 8. HP: 48/49 MP: 8/8
  4759 | D:5      | Found a glowing drain.
  4760 | D:5      | 4760 ||| UPGRADING to +0 cloak.
  4765 | D:5      | 4765 ||| Stepping ~*~*~tactically~*~*~ (stealth).
  4789 | Sewer    | Entered a sewer
  4813 | Sewer    | 4813 ||| Stepping ~*~*~tactically~*~*~ (water).
  4832 | Sewer    | 4832 ||| Stepping ~*~*~tactically~*~*~ (water).
  4847 | Sewer    | 4847 ||| Stepping ~*~*~tactically~*~*~ (water).
  4896 | Sewer    | 4896 ||| Stepping ~*~*~tactically~*~*~ (water).
  4932 | Sewer    | 4932 ||| Stepping ~*~*~tactically~*~*~ (water).
  4960 | Sewer    | 4960 ||| Stepping ~*~*~tactically~*~*~ (water).
  4963 | Sewer    | 4963 ||| Stepping ~*~*~tactically~*~*~ (water).
  4976 | Sewer    | 4976 ||| Stepping ~*~*~tactically~*~*~ (stealth).
  5328 | Sewer    | 5328 ||| UPGRADING to +0 pair of boots.
  5333 | Sewer    | 5333 ||| READING 2 scrolls of identify.
  5333 | Sewer    | 5333 ||| IDENTIFYING smoky inky potion
  5356 | D:5      | 5356 ||| PLANNING D:1-11
  5506 | D:5      | Found The Oracle's Delphic Readings.
  5520 | D:5      | 5520 ||| SHOPLISTING 3 scrolls of enchant weapon (247 gold,
                  | have 224).
  5520 | D:5      | 5520 ||| BUYING scroll of identify (22 gold).
  5520 | D:5      | Bought a scroll of identify for 22 gold pieces
  5820 | D:5      | 5820 ||| UPGRADING to scarf of repulsion.
  6019 | D:6      | Reached skill level 6 in Fighting
  6025 | D:6      | Reached XP level 9. HP: 31/55 MP: 9/9
  6108 | D:6      | 6108 ||| DROPPING +0 flail.
  6190 | D:6      | Reached skill level 9 in Axes
  6235 | D:6      | Found a staircase to the Ecumenical Temple.
  6236 | D:6      | 6236 ||| PLANNING TEMPLE
  6236 | D:6      | 6236 ||| UPGRADING to +0 plate armour.
  6246 | D:6      | 6246 ||| DROPPING +0 chain mail.
  6247 | D:6      | 6247 ||| READING scroll labelled QOUJIU RIGATT.
  6248 | D:6      | 6248 ||| READING 3 scrolls of identify.
  6248 | D:6      | 6248 ||| IDENTIFYING murky sapphire potion
  6249 | D:6      | 6249 ||| DROPPING potion of brilliance.
  6254 | Temple   | Entered the Ecumenical Temple
  6328 | Temple   | 6328 ||| PLANNING OKAWARU WORSHIP
  6444 | Temple   | Became a worshipper of Warmaster Okawaru
  6445 | Temple   | 6445 ||| PLANNING D:1-11
  6482 | D:6      | Noticed Grinder
  6482 | D:6      | Paralysed by Grinder for 5 turns
  6490 | D:6      | Paralysed by Grinder for 2 turns
  6497 | D:6      | Killed Grinder
  6642 | D:6      | 6642 ||| READING scroll of brand weapon.
  6642 | D:6      | 6642 ||| BRANDING +1 war axe of venom.
  7052 | D:6      | 7052 ||| UPGRADING to +6 ring of dexterity.
  7053 | D:6      | 7053 ||| READING 2 scrolls of identify.
  7053 | D:6      | 7053 ||| IDENTIFYING white potion
  7093 | D:7      | Reached * piety under Okawaru
  7128 | D:7      | Reached skill level 1 in Invocations
  7164 | D:7      | Found a shadowy altar of Dithmenos.
  7227 | D:7      | Reached skill level 6 in Armour
  7229 | D:7      | 7229 ||| INVOKING Heroism.
  7231 | D:7      | Reached skill level 3 in Invocations
  7378 | D:7      | Found Igoexzys's Armour Boutique.
  7387 | D:7      | 7387 ||| BUYING +0 helmet (58 gold).
  7387 | D:7      | Bought a +0 helmet for 58 gold pieces
  7387 | D:7      | 7387 ||| BUYING +1 pair of boots (149 gold).
  7387 | D:7      | Bought a +1 pair of boots for 149 gold pieces
  7387 | D:7      | 7387 ||| SHOPLISTING +2 pair of boots of flying (279 gold,
                  | have 105).
  7417 | D:7      | 7417 ||| INVOKING Heroism.
  7456 | D:7      | 7456 ||| INVOKING Heroism.
  7459 | D:7      | Reached XP level 10. HP: 33/63 MP: 10/13
  7612 | D:7      | Found a radiant altar of Vehumet.
  7650 | D:7      | 7650 ||| DROPPING +0 mace of draining.
  7784 | D:7      | 7784 ||| UPGRADING to +0 helmet.
  7789 | D:7      | 7789 ||| UPGRADING to +1 pair of boots.
  7799 | D:7      | 7799 ||| DROPPING +0 pair of boots.
  7800 | D:7      | 7800 ||| READING 2 scrolls of identify.
  7800 | D:7      | 7800 ||| IDENTIFYING viscous inky potion
  7888 | D:8      | Identified the +5 ring mail of Duty {rC+ MP+9}
  7940 | D:8      | Noticed Maurice
  7956 | D:8      | 7956 ||| Stepping ~*~*~tactically~*~*~ (hiding).
  7961 | D:8      | Killed Maurice
  7961 | D:8      | Reached ** piety under Okawaru
  8177 | D:8      | 8177 ||| Stepping ~*~*~tactically~*~*~ (stealth).
  8651 | D:8      | 8651 ||| DROPPING ring of flight.
  8652 | D:8      | 8652 ||| READING scroll labelled DOARIG MAHIKAO.
  8652 | D:8      | Identified a scroll of acquirement
  8652 | D:8      | 8652 ||| ACQUIRING +1 buckler of cold resistance
  8652 | D:8      | Acquired a +1 buckler of cold resistance
  8654 | D:8      | 8654 ||| UPGRADING to +1 buckler of cold resistance.
  8664 | D:8      | 8664 ||| DROPPING +0 buckler.
  8758 | D:9      | Found a glowing golden altar of the Shining One.
  8857 | D:9      | 8857 ||| Stepping ~*~*~tactically~*~*~ (hiding).
  8859 | D:9      | 8859 ||| Stepping ~*~*~tactically~*~*~ (hiding).
  8877 | D:9      | 8877 ||| DROPPING +1 flail.
  8927 | D:9      | 8927 ||| Stepping ~*~*~tactically~*~*~ (hiding).
  9169 | D:9      | Noticed a boulder beetle
  9170 | D:9      | 9170 ||| INVOKING Heroism.
  9198 | D:9      | 9198 ||| INVOKING Heroism.
  9198 | D:9      | HP: 5/63 [boulder beetle (16)]
  9199 | D:9      | 9199 ||| READING 2 scrolls of teleportation.
  9200 | D:9      | 9200 ||| DRINKING 5 potions of heal wounds.
  9202 | D:9      | Killed a boulder beetle
  9202 | D:9      | Reached *** piety under Okawaru
  9296 | D:9      | 9296 ||| Stepping ~*~*~tactically~*~*~ (stealth).
  9298 | D:9      | 9298 ||| INVOKING Heroism.
  9300 | D:9      | 9300 ||| Stepping ~*~*~tactically~*~*~ (hiding).
  9565 | D:9      | 9565 ||| READING scroll of enchant weapon.
  9565 | D:9      | 9565 ||| ENCHANTING +1 war axe of electrocution.
  9585 | D:9      | 9585 ||| DRINKING 7 potions of curing.
  9585 | D:9      | 9585 ||| (to cure confusion)
  9940 | D:9      | 9940 ||| READING 3 scrolls of identify.
  9940 | D:9      | 9940 ||| IDENTIFYING blue potion
  9941 | D:9      | 9941 ||| DROPPING potion of invisibility.
  9958 | D:10     | Entered Level 10 of the Dungeon
  9958 | D:10     | Noticed a two-headed ogre
  9959 | D:10     | 9959 ||| INVOKING Heroism.
  9963 | D:10     | Killed a two-headed ogre
  9963 | D:10     | Reached **** piety under Okawaru
  9981 | D:10     | Received a gift from Okawaru
  9983 | D:10     | 9983 ||| Stepping ~*~*~tactically~*~*~ (stealth).
  9984 | D:10     | 9984 ||| Stepping ~*~*~tactically~*~*~ (stealth).
  9987 | D:10     | 9987 ||| Stepping ~*~*~tactically~*~*~ (stealth).
  9990 | D:10     | 9990 ||| Stepping ~*~*~tactically~*~*~ (stealth).
 10001 | D:10     | Reached XP level 11. HP: 69/69 MP: 14/14
 10011 | D:10     | 10011 ||| Stepping ~*~*~tactically~*~*~ (stealth).
 10018 | D:10     | 10018 ||| Stepping ~*~*~tactically~*~*~ (stealth).
 10084 | D:10     | Found a staircase to the Lair.
 10122 | D:10     | Noticed qw's ghost (journeyman GrFi)
 10127 | D:10     | Found a transporter.
 10211 | D:10     | 10211 ||| Stepping ~*~*~tactically~*~*~ (hiding).
 10212 | D:10     | 10212 ||| INVOKING Heroism.
 10221 | D:10     | 10221 ||| Stepping ~*~*~tactically~*~*~ (stealth).
 10222 | D:10     | 10222 ||| Stepping ~*~*~tactically~*~*~ (stealth).
 10234 | D:10     | Found a staircase to the Orcish Mines.
 10297 | D:10     | Found a hazy altar of Hepliaklqana.
 10384 | D:10     | 10384 ||| Stepping ~*~*~tactically~*~*~ (hiding).
 10385 | D:10     | 10385 ||| Stepping ~*~*~tactically~*~*~ (hiding).
 10386 | D:10     | 10386 ||| Stepping ~*~*~tactically~*~*~ (hiding).
 10387 | D:10     | 10387 ||| Stepping ~*~*~tactically~*~*~ (hiding).
 10395 | D:10     | 10395 ||| INVOKING Heroism.
 10445 | D:10     | Found a hide-covered altar of Uskayaw.
 10612 | D:10     | 10612 ||| SWAPPING to +0 broad axe.
 10613 | D:10     | 10613 ||| DROPPING +2 war axe of electrocution.
 10760 | D:10     | Found a transporter.
 10783 | D:10     | 10783 ||| PLANNING LAIR
 10783 | D:10     | 10783 ||| READING scroll labelled ETUXOF EX GUUKISTRA.
 10784 | D:10     | 10784 ||| READING 4 scrolls of identify.
 10784 | D:10     | 10784 ||| IDENTIFYING bubbling dark potion
 10809 | Lair:1   | Entered Level 1 of the Lair of Beasts
 10839 | Lair:1   | Reached skill level 6 in Invocations
 10868 | Lair:1   | 10868 ||| INVOKING Heroism.
 10876 | Lair:1   | Received a gift from Okawaru
 11060 | Lair:1   | 11060 ||| INVOKING Heroism.
 11152 | Lair:1   | 11152 ||| INVOKING Heroism.
 11298 | Lair:1   | 11298 ||| INVOKING Heroism.
 11343 | Lair:1   | Received a gift from Okawaru
 11356 | Lair:1   | Reached ***** piety under Okawaru
 11358 | Lair:1   | 11358 ||| INVOKING Heroism.
 11500 | Lair:1   | Noticed Joseph
 11515 | Lair:1   | Killed Joseph
 11516 | Lair:1   | Reached skill level 9 in Fighting
 11677 | Lair:1   | 11677 ||| READING scroll of brand weapon.
 11677 | Lair:1   | 11677 ||| BRANDING +0 broad axe.
 12080 | Lair:1   | 12080 ||| Stepping ~*~*~tactically~*~*~ (stealth).
 12082 | Lair:1   | 12082 ||| Stepping ~*~*~tactically~*~*~ (stealth).
 12086 | Lair:1   | 12086 ||| Stepping ~*~*~tactically~*~*~ (stealth).
 12115 | Lair:1   | Received a gift from Okawaru
 12143 | Lair:2   | 12143 ||| INVOKING Heroism.
 12144 | Lair:2   | 12144 ||| Stepping ~*~*~tactically~*~*~ (stealth).
 12153 | Lair:2   | Received a gift from Okawaru
 12164 | Lair:2   | Reached XP level 12. HP: 76/76 MP: 18/18
 12166 | Lair:2   | Reached skill level 9 in Invocations
 12171 | Lair:2   | 12171 ||| Stepping ~*~*~tactically~*~*~ (stealth).
 12177 | Lair:2   | 12177 ||| INVOKING Heroism.
 12238 | Lair:2   | 12238 ||| INVOKING Heroism.
 12241 | Lair:2   | Identified the +5 hand axe of the King {drain, rElec rF+
                  | Will++ Dex-2} (Okawaru gifted it to you on level 2 of the
                  | Lair of Beasts)
 12241 | Lair:2   | Received a gift from Okawaru
 12272 | Lair:2   | 12272 ||| Stepping ~*~*~tactically~*~*~ (stealth).
 12421 | Lair:2   | Noticed a four-headed hydra
 12422 | Lair:2   | 12422 ||| INVOKING Heroism.
 12424 | Lair:2   | 12424 ||| INVOKING Finesse.
 12427 | Lair:2   | 12427 ||| SWAPPING to +1 morningstar of protection.
 12430 | Lair:2   | Killed a four-headed hydra
 12431 | Lair:2   | 12431 ||| SWAPPING to +0 broad axe of freezing.
 12556 | Lair:2   | 12556 ||| Stepping ~*~*~tactically~*~*~ (stealth).
 12558 | Lair:2   | 12558 ||| INVOKING Heroism.
 12568 | Lair:2   | Reached skill level 12 in Axes
 12585 | Lair:2   | 12585 ||| INVOKING Heroism.
 12664 | Lair:2   | 12664 ||| INVOKING Heroism.
 12670 | Lair:2   | 12670 ||| Stepping ~*~*~tactically~*~*~ (water).
 12671 | Lair:2   | 12671 ||| Stepping ~*~*~tactically~*~*~ (water).
 12672 | Lair:2   | 12672 ||| Stepping ~*~*~tactically~*~*~ (water).
 12672 | Lair:2   | Found a staircase to the Shoals.
 12677 | Lair:2   | 12677 ||| Stepping ~*~*~tactically~*~*~ (stealth).
 12680 | Lair:2   | Reached skill level 9 in Armour
 12695 | Lair:2   | Reached skill level 3 in Dodging
 12709 | Lair:2   | Reached skill level 6 in Shields
 12772 | Lair:2   | 12772 ||| READING scroll of enchant armour.
 12772 | Lair:2   | 12772 ||| ENCHANTING +0 helmet.
 12814 | Lair:2   | 12814 ||| Stepping ~*~*~tactically~*~*~ (hiding).
 12827 | Lair:2   | Received a gift from Okawaru
 12892 | Lair:2   | 12892 ||| Stepping ~*~*~tactically~*~*~ (stealth).
 12900 | Lair:2   | 12900 ||| INVOKING Heroism.
 13177 | Lair:2   | 13177 ||| READING scroll labelled ALODUE WOAKEA.
 13236 | Lair:3   | 13236 ||| INVOKING Heroism.
 13269 | Lair:3   | Found a transporter.
 13270 | Lair:3   | Found a transporter.
 13659 | Lair:3   | 13659 ||| INVOKING Heroism.
 13791 | Lair:3   | 13791 ||| Stepping ~*~*~tactically~*~*~ (hiding).
 13792 | Lair:3   | 13792 ||| Stepping ~*~*~tactically~*~*~ (hiding).
 13794 | Lair:3   | Found a staircase to the Snake Pit.
 13800 | Lair:3   | 13800 ||| Stepping ~*~*~tactically~*~*~ (hiding).
 13910 | Lair:3   | Reached XP level 13. HP: 81/82 MP: 20/20
 13945 | Lair:3   | Noticed qw's ghost (journeyman GrFi)
 13990 | Lair:3   | Noticed Kirke
 13991 | Lair:3   | 13991 ||| INVOKING Heroism.
 13993 | Lair:3   | 13993 ||| INVOKING Finesse.
 13994 | Lair:3   | 13994 ||| DRINKING potion of cancellation.
 14038 | Lair:3   | Killed Kirke
 14038 | Lair:3   | Received a gift from Okawaru
 14040 | Lair:3   | 14040 ||| FLEEEEING.
 14264 | Lair:3   | 14264 ||| Stepping ~*~*~tactically~*~*~ (hiding).
 14317 | Lair:3   | Received a gift from Okawaru
 14391 | Lair:3   | 14391 ||| Stepping ~*~*~tactically~*~*~ (stealth).
 14392 | Lair:3   | 14392 ||| Stepping ~*~*~tactically~*~*~ (stealth).
 14645 | Lair:3   | 14645 ||| READING 9 scrolls of identify.
 14645 | Lair:3   | 14645 ||| IDENTIFYING fuming inky potion
 14688 | Lair:4   | 14688 ||| Stepping ~*~*~tactically~*~*~ (stealth).
 14908 | Lair:4   | 14908 ||| Stepping ~*~*~tactically~*~*~ (stealth).
 14921 | Lair:4   | 14921 ||| INVOKING Heroism.
 14926 | Lair:4   | 14926 ||| Stepping ~*~*~tactically~*~*~ (stealth).
 14928 | Lair:4   | 14928 ||| Stepping ~*~*~tactically~*~*~ (stealth).
 14932 | Lair:4   | 14932 ||| Stepping ~*~*~tactically~*~*~ (stealth).
 14944 | Lair:4   | 14944 ||| Stepping ~*~*~tactically~*~*~ (stealth).
 14946 | Lair:4   | 14946 ||| Stepping ~*~*~tactically~*~*~ (stealth).
 14947 | Lair:4   | 14947 ||| Stepping ~*~*~tactically~*~*~ (stealth).
 14949 | Lair:4   | 14949 ||| Stepping ~*~*~tactically~*~*~ (stealth).
 14951 | Lair:4   | 14951 ||| Stepping ~*~*~tactically~*~*~ (stealth).
 14952 | Lair:4   | 14952 ||| Stepping ~*~*~tactically~*~*~ (stealth).
 14953 | Lair:4   | 14953 ||| Stepping ~*~*~tactically~*~*~ (stealth).
 14954 | Lair:4   | 14954 ||| Stepping ~*~*~tactically~*~*~ (stealth).
 14967 | Lair:4   | Received a gift from Okawaru
 14972 | Lair:4   | 14972 ||| INVOKING Heroism.
 15041 | Lair:4   | 15041 ||| INVOKING Heroism.
 15181 | Lair:4   | 15181 ||| INVOKING Heroism.
 15251 | Lair:4   | 15251 ||| INVOKING Heroism.
 15354 | Lair:4   | 15354 ||| INVOKING Heroism.
 15426 | Lair:4   | 15426 ||| INVOKING Heroism.
 15492 | Lair:4   | 15492 ||| INVOKING Heroism.
 16049 | Lair:4   | 16049 ||| UPGRADING to +0 tower shield.
 16059 | Lair:4   | 16059 ||| DROPPING +1 buckler of cold resistance.
 16060 | Lair:4   | 16060 ||| UPGRADING to ring of protection from cold.
 16078 | Lair:5   | Entered Level 5 of the Lair of Beasts
 16079 | Lair:5   | 16079 ||| INVOKING Heroism.
 16082 | Lair:5   | 16082 ||| SWAPPING to +1 morningstar of protection.
 16094 | Lair:5   | 16094 ||| STAIRDANCE
 16094 | Lair:5   | HP: 20/83 [eight-headed hydra (7)]
 16097 | Lair:4   | 16097 ||| READING 2 scrolls of teleportation.
 16098 | Lair:4   | 16098 ||| DRINKING 5 potions of heal wounds.
 16102 | Lair:4   | 16102 ||| SWAPPING to +0 broad axe of freezing.
 16178 | Lair:4   | 16178 ||| INVOKING Heroism.
 16348 | Lair:5   | 16348 ||| INVOKING Heroism.
 16351 | Lair:5   | 16351 ||| SWAPPING to +1 morningstar of protection.
 16357 | Lair:5   | 16357 ||| SWAPPING to +0 broad axe of freezing.
 16380 | Lair:5   | 16380 ||| Stepping ~*~*~tactically~*~*~ (hiding).
 16422 | Lair:5   | 16422 ||| INVOKING Heroism.
 16654 | Lair:5   | Received a gift from Okawaru
 16669 | Lair:5   | 16669 ||| INVOKING Heroism.
 16670 | Lair:5   | 16670 ||| INVOKING Finesse.
 16671 | Lair:5   | 16671 ||| INVOKING Finesse.
 16677 | Lair:5   | Reached skill level 9 in Shields
 16872 | Lair:5   | Found a staircase to the Slime Pits.
 16883 | Lair:5   | 16883 ||| Stepping ~*~*~tactically~*~*~ (stealth).
 16890 | Lair:5   | Gained mutation: Your large and strong wings let you fly.
                  | [Gargoyle growth]
 16890 | Lair:5   | Reached XP level 14. HP: 82/88 MP: 21/21
 16909 | Lair:5   | 16909 ||| Stepping ~*~*~tactically~*~*~ (stealth).
 16946 | Lair:5   | 16946 ||| INVOKING Heroism.
 16947 | Lair:5   | 16947 ||| INVOKING Finesse.
 16954 | Lair:5   | 16954 ||| SWAPPING to +1 morningstar of protection.
 16964 | Lair:5   | Received a gift from Okawaru
 16965 | Lair:5   | 16965 ||| SWAPPING to +0 broad axe of freezing.
 17000 | Lair:5   | Identified the +7 chain mail "Vaogun" {rN+ Will+}
 17081 | Lair:5   | 17081 ||| Stepping ~*~*~tactically~*~*~ (stealth).
 17082 | Lair:5   | 17082 ||| Stepping ~*~*~tactically~*~*~ (stealth).
 17084 | Lair:5   | 17084 ||| Stepping ~*~*~tactically~*~*~ (stealth).
 17286 | Lair:5   | Noticed a dire elephant
 17286 | Lair:5   | Noticed a dire elephant
 17286 | Lair:5   | Noticed a dire elephant
 17291 | Lair:5   | 17291 ||| INVOKING Heroism.
 17317 | Lair:5   | Noticed a dire elephant
 17327 | Lair:5   | 17327 ||| INVOKING Heroism.
 17329 | Lair:5   | Killed a dire elephant
 17433 | Lair:5   | 17433 ||| INVOKING Heroism.
 17443 | Lair:5   | Killed a dire elephant
 17443 | Lair:5   | Received a gift from Okawaru
 17455 | Lair:5   | Killed a dire elephant
 17469 | Lair:5   | Killed a dire elephant
 17470 | Lair:5   | Reached skill level 12 in Shields
 17775 | Lair:5   | 17775 ||| INVOKING Heroism.
 17776 | Lair:5   | 17776 ||| INVOKING Finesse.
 17819 | Lair:5   | 17819 ||| INVOKING Heroism.
 17879 | Lair:5   | 17879 ||| INVOKING Heroism.
 17907 | Lair:5   | 17907 ||| Stepping ~*~*~tactically~*~*~ (stealth).
 17909 | Lair:5   | 17909 ||| Stepping ~*~*~tactically~*~*~ (stealth).
 17926 | Lair:5   | 17926 ||| INVOKING Heroism.
 17928 | Lair:5   | Received a gift from Okawaru
 18059 | Lair:5   | 18059 ||| INVOKING Heroism.
 18197 | Lair:5   | 18197 ||| INVOKING Heroism.
 18306 | Lair:5   | Identified the +3 cloak of the Spheres {rElec Int+2}
 18323 | Lair:5   | 18323 ||| Stepping ~*~*~tactically~*~*~ (hiding).
 18331 | Lair:5   | 18331 ||| INVOKING Heroism.
 18492 | Lair:5   | 18492 ||| PLANNING D:1-11
 18492 | Lair:5   | 18492 ||| DROPPING +0 cloak.
 18493 | Lair:5   | 18493 ||| DROPPING +5 ring mail of Duty {rC+ MP+9}.
 18494 | Lair:5   | 18494 ||| UPGRADING to +7 chain mail "Vaogun" {rN+ Will+}.
 18504 | Lair:5   | 18504 ||| DROPPING +0 plate armour.
 18505 | Lair:5   | 18505 ||| UPGRADING to +2 pair of boots of rampaging.
 18515 | Lair:5   | 18515 ||| DROPPING +1 pair of boots.
 18516 | Lair:5   | 18516 ||| UPGRADING to +3 cloak of the Spheres {rElec
                  | Int+2}.
 18526 | Lair:5   | 18526 ||| DROPPING scarf of repulsion.
 18678 | D:11     | 18678 ||| STAIRDANCE
 18744 | D:11     | 18744 ||| FLEEEEING.
 18745 | D:11     | 18745 ||| STAIRDANCE
 18881 | D:11     | 18881 ||| Stepping ~*~*~tactically~*~*~ (stealth).
 18882 | D:11     | 18882 ||| Stepping ~*~*~tactically~*~*~ (stealth).
 18888 | D:11     | 18888 ||| Stepping ~*~*~tactically~*~*~ (stealth).
 18889 | D:11     | 18889 ||| INVOKING Heroism.
 19004 | D:11     | Noticed Josephine
 19022 | D:11     | Killed Josephine
 19078 | D:11     | 19078 ||| Stepping ~*~*~tactically~*~*~ (stealth).
 19079 | D:11     | 19079 ||| Stepping ~*~*~tactically~*~*~ (stealth).
 19095 | D:11     | Found an opulent altar of Gozag.
 19458 | D:11     | Noticed Psyche
 19465 | Abyss:1  | Cast into level 1 of the Abyss (Psyche)
 19575 | Abyss:1  | 19575 ||| Stepping ~*~*~tactically~*~*~ (stealth).
 19577 | Abyss:1  | 19577 ||| Stepping ~*~*~tactically~*~*~ (hiding).
 19618 | Abyss:1  | 19618 ||| Stepping ~*~*~tactically~*~*~ (stealth).
 19623 | Abyss:1  | Noticed a starcursed mass
 19624 | Abyss:1  | 19624 ||| Stepping ~*~*~tactically~*~*~ (stealth).
 19625 | Abyss:1  | 19625 ||| Stepping ~*~*~tactically~*~*~ (stealth).
 19632 | Abyss:1  | 19632 ||| Stepping ~*~*~tactically~*~*~ (hiding).
 19634 | Abyss:1  | 19634 ||| Stepping ~*~*~tactically~*~*~ (hiding).
 19715 | Abyss:1  | Found a corrupted altar of Lugonu.
 19724 | Abyss:1  | 19724 ||| Stepping ~*~*~tactically~*~*~ (stealth).
 19726 | Abyss:1  | 19726 ||| Stepping ~*~*~tactically~*~*~ (stealth).
 19770 | Abyss:1  | Noticed a starcursed mass
 19771 | Abyss:1  | 19771 ||| Stepping ~*~*~tactically~*~*~ (stealth).
 19773 | Abyss:1  | Noticed a starcursed mass
 19774 | Abyss:1  | 19774 ||| Stepping ~*~*~tactically~*~*~ (stealth).
 19824 | Abyss:1  | 19824 ||| Stepping ~*~*~tactically~*~*~ (stealth).
 19827 | Abyss:1  | 19827 ||| Stepping ~*~*~tactically~*~*~ (stealth).
 19830 | Abyss:1  | 19830 ||| Stepping ~*~*~tactically~*~*~ (stealth).
 19831 | Abyss:1  | Noticed a bone dragon
 19832 | Abyss:1  | 19832 ||| Stepping ~*~*~tactically~*~*~ (stealth).
 19833 | Abyss:1  | 19833 ||| Stepping ~*~*~tactically~*~*~ (hiding).
 19834 | Abyss:1  | 19834 ||| Stepping ~*~*~tactically~*~*~ (stealth).
 19843 | Abyss:1  | 19843 ||| INVOKING Heroism.
 19855 | Abyss:1  | HP: 12/88 [bone dragon (12)]
 19856 | Abyss:1  | 19856 ||| READING 2 scrolls of teleportation.
 19856 | Abyss:1  | Killed from afar by a smoke demon

Levels and vault maps discovered:
D:1:      minmay_arrival_shattered_statue, layout_loops_ring, glass_columns_a
D:2:      layout_loops_corners
D:3:      layout_loops_ring
D:4:      layout_layer_cave, minmay_quantized
D:5:      layout_loops_corners, cheibrodos_sewer_entry_sluice,
          ebering_ghost_sewer_d, nicolae_nh_oracle_at_delphi
D:6:      layout_loops_corners, minmay_temple_entry_proselytizer, uniq_grinder
D:7:      layout_rooms, kennysheep_mini_moat, grunt_dithmenos_smoke,
          serial_shops, nicolae_square_shop
D:8:      layout_basic, uniq_maurice
D:9:      layout_grid_maze, tso_metal_star
D:10:     layout_basic, nicolae_uskayaw_murder_on_the_dancefloor,
          worldfamousw_hep_ancestral_shrine, due_lair_maze_entry_diamond,
          gammafunk_ghost_arena
D:11:     layout_long_grid, corexii_checkpoint_a, grunt_gozag_breadcrumbs,
          uniq_josephine, uniq_psyche
Temple:   bh_familiar_temple
Lair:1:   layout_cave_pods, infiniplex_staircase_pool_2, uniq_joseph
Lair:2:   layout_loops_ring, nicolae_shoals_entry_flooding, grunt_megastairs_4
Lair:3:   layout_long_grid, guppyfry_snake_entry_garden,
          gammafunk_ghost_abyssal_escape, minivault_23, serial_bayou_pond_e,
          nicolae_lair_run_with_the_wolves, uniq_kirke
Lair:4:   layout_cellular_growth, worms_lemuel, grunt_megastairs_1
Lair:5:   due_jungle_book, layout_loops_ring, dpeg_slime_entry_enclosed,
          lemuel_fruit_fields
Abyss:1:  base: Temple, hangedman_abyss_or_decor_stagger,
          hangedman_abyss_lost_library

Skill      XL: |  1  2  3  4  5  6  7  8  9 10 11 12 13 14 |
---------------+-------------------------------------------+-----
Axes           | 2 3 4 5 6 7 8 9 10 11 12 14 | 14.0
Fighting       | 4 5 6 7 8 9 10 | 10.6
Throwing       | 1 2 4 |  4.1
Dodging        | 1 2 3 |  3.1
Armour         | 4 6 7 8 9 10 | 10.0
Shields        | 4 5 6 9 14 | 14.4
Invocations    | 4 8 10 | 10.0

Action                     |  1- 3 |  4- 6 |  7- 9 | 10-12 | 13-15 || total
---------------------------+-------+-------+-------+-------+-------++-------
  Melee: War axe           |    95 |   159 |   219 |   154 |       ||   627
         Broad axe         |       |       |       |   351 |   689 ||  1040
         Morningstar       |       |       |       |     3 |    28 ||    31
         Unarmed           |       |       |       |       |    22 ||    22
  Throw: Javelin           |       |    11 |    42 |   112 |    92 ||   257
         Boomerang         |       |       |    69 |    14 |    17 ||   100
 Invoke: Heroism           |       |       |     3 |    21 |    27 ||    51
         Finesse           |       |       |       |     1 |     4 ||     5
    Use: Scroll            |     9 |     3 |     7 |    10 |     3 ||    32
         Potion            |     1 |     1 |       |     2 |     2 ||     6
 Armour: Scale mail        |    44 |    63 |       |       |       ||   107
         Chain mail        |       |    53 |    79 |       |    80 ||   212
         Plate armour      |       |       |    31 |   257 |   284 ||   572
  Dodge: Dodged            |    36 |    65 |   160 |   320 |   311 ||   892
         Repelled          |       |       |       |     4 |     2 ||     6
  Block: Buckler           |    12 |    26 |    48 |   167 |    57 ||   310
         Tower shield      |       |       |       |       |   426 ||   426

Table legend:
 A = Non-vault XP
 B = Vault XP
 C = Vault XP percentage of total XP
 D = Non-vault monster count
 E = Vault monster count
 F = Vault count percentage of total count
                 A         B        C        D         E       F
            +---------+---------+-------+---------+---------+-------
      Total |   52726 |   28160 |  34.8 |     362 |     128 |  26.1
            +---------+---------+-------+---------+---------+-------
        D:1 |      34 |       0 |   0.0 |      19 |       0 |   0.0
        D:2 |      45 |       0 |   0.0 |      18 |       0 |   0.0
        D:3 |     198 |       0 |   0.0 |      27 |       0 |   0.0
        D:4 |     368 |       8 |   2.1 |      27 |       3 |  10.0
        D:5 |     982 |     185 |  15.9 |      17 |       5 |  22.7
        D:6 |     903 |     324 |  26.4 |      19 |       2 |   9.5
        D:7 |    1646 |       0 |   0.0 |      13 |       0 |   0.0
        D:8 |     994 |     439 |  30.6 |       9 |       1 |  10.0
        D:9 |    1668 |       0 |   0.0 |      17 |       0 |   0.0
       D:10 |    2227 |    1307 |  37.0 |      15 |      10 |  40.0
       D:11 |    2803 |    1543 |  35.5 |      32 |       4 |  11.1
     Lair:1 |    5495 |     481 |   8.0 |      25 |       1 |   3.8
     Lair:2 |    9600 |    1281 |  11.8 |      40 |       7 |  14.9
     Lair:3 |    4413 |    4086 |  48.1 |      17 |      17 |  50.0
     Lair:4 |    8781 |    1957 |  18.2 |      29 |      10 |  25.6
     Lair:5 |   11238 |   16368 |  59.3 |      32 |      34 |  51.5
    Abyss:1 |    1331 |       0 |   0.0 |       6 |       0 |   0.0
      Sewer |       0 |     181 | 100.0 |       0 |      34 | 100.0
            +---------+---------+-------+---------+---------+-------
